[Event "Mistrovství Čech mládeže 2023 - HD16"]
[Site "Harrachov, Czech Republic"]
[Date "2023.10.25"]
[Round "6.13"]
[White "Mikhno, Artem"]
[Black "Bárta, David"]
[Result "1-0"]
[TimeControl "90m + 30s"]
[WhiteElo "1781"]
[BlackElo "1558"]

1. d4 d5 2. c4 e6 3. Nc3 Be7 4. Nf3 Nf6 5. Bg5 O-O 6. e3 a6 7. cxd5 exd5 8. Bd3 Bg4 9. h3 Bh5 10.
Qb3 Nbd7 11. g4 Bg6 12. Bxg6 fxg6 13. Nxd5 Nxd5 14. Qxd5+ Rf7 15. Bxe7 Qxe7 16. Ng5 c6 17. Qxf7+ Qxf7 18.
Nxf7 Kxf7 19. Ke2 Ke6 20. Rac1 Nb6 21. e4 Rd8 22. Ke3 Kd6 23. f4 Re8 24. f5 g5 25. h4 gxh4 26. Rxh4 h6 27.
e5+ Kd7 28. Kf3 Nd5 29. g5 Ne7 30. Kg4 hxg5 31. Kxg5 Rf8 32. Rf1 g6 33. f6 Nf5 34. Rh7+ Ke6 35. Rxf5 gxf5 36. Re7+ Kd5 37.
Kxf5 Kxd4 38. Rd7+ Kc5 39. e6 Rh8 40. e7 Kb6 41. f7 c5 42. e8=Q 1-0

[Event "Mistrovství Čech mládeže 2023 - HD16"]
[Site "Harrachov, Czech Republic"]
[Date "2023.10.25"]
[Round "6.14"]
[White "Dudarec, Elias"]
[Black "Svoboda, Daniel"]
[Result "0-1"]
[TimeControl "90m + 30s"]
[WhiteElo "1535"]
[BlackElo "1766"]

1. e4 c5 2. a3 g6 3. b4 Bg7 4. Nc3 d6 5. Rb1 Nc6 6. Nf3 Nf6 7. Be2 Nd4 8. O-O O-O 9. d3 Qc7 10. Nxd4 cxd4 11. Nb5 Qb6 12. a4 Bd7 13. c4 dxc3 14. Nxc3 Rfc8 15.
Be3 Qd8 16. Rc1 Ne8 17. d4 Be6 18. Qd2 Bc4 19. Bxc4 Rxc4 20. Nd5 Rac8 21. Rxc4 Rxc4 22. Qd3 Rc6 23. b5 Rc8 24. f4 e6 25.
Nb4 Qa5 26. Qb3 Nf6 27. e5 Ng4 28. Bd2 Qb6 29. Be3 dxe5 30. fxe5 Bxe5 31. Rd1 Bxh2+ 32. Kh1 Qd8 33. Bg1 Bd6 34.
Na2 Qg5 35. Rf1 Nh6 36. Qf3 Nf5 37. Bf2 Rc2 38. Nc3 Qh6+ 39. Qh3 Qxh3+ 40. gxh3 Rxc3 0-1

[Event "Mistrovství Čech mládeže 2023 - HD16"]
[Site "Harrachov, Czech Republic"]
[Date "2023.10.25"]
[Round "6.15"]
[White "Rubin, Andrej"]
[Black "Langmaier, Michal"]
[Result "0-1"]
[TimeControl "90m + 30s"]
[WhiteElo "1358"]
[BlackElo "1697"]

1. e4 c5 2. Nc3 a6 3. f4 e6 4.
Nf3 Nc6 5. d3 Nge7 6. Be3 b6 7. Qd2 Bb7 8. g3 d5 9. Bf2 g6 10. Bg2 Bg7 11. e5 O-O 12. h4 f6 13. h5 fxe5 14.
Ng5 Qd6 15. hxg6 Nxg6 16. Qe2 h6 17. Nxe6 Nd4 18. Bxd4 Qxe6 19. Bh3 Qe7 20. Bxe5 Nxe5 21. fxe5 Qxe5 22. Be6+ Kh7 23. Bxd5 Qxg3+ 24. Kd1 Rae8 25. Be4+ Bxe4 26. Nxe4 Qf4 27. Qd2 Qf3+ 0-1

[Event "Mistrovství Čech mládeže 2023 - HD16"]
[Site "Harrachov, Czech Republic"]
[Date "2023.10.25"]
[Round "6.16"]
[White "Mrázek, Adam"]
[Black "Kohm, Patrik"]
[Result "1/2-1/2"]
[TimeControl "90m + 30s"]
[WhiteElo "1669"]
[BlackElo "1475"]

1. c4 Nf6 2. g3 g6 3. Bg2 Bg7 4. Nc3 O-O 5. Nf3 d6 6. d4 a5 7. O-O Na6 8. Re1 Nd7 9. e4 e5 10. d5 f5 11. Rb1 f4 12. a3 g5 13. b4 g4 14.
Nh4 Qg5 15. Nf5 Nf6 16. Nxg7 Kxg7 17. gxf4 exf4 18. c5 Nh5 19. Bb2 Kg8 20. cxd6 f3 21. Qd4 g3 22. hxg3 Nxg3 23. fxg3 f2+ 24.
Qxf2 Rxf2 25. Kxf2 axb4 26. Na4 Bd7 27. Bc1 Qf6+ 28. Bf4 Bxa4 29. e5 Qg7 30. Be4 cxd6 31. Bf5 Bd7 32. g4 Bxf5 33.
gxf5 Qc7 34. Rg1+ Kf7 35. Rbc1 Qb6+ 36. Be3 Nc5 37. Bxc5 dxc5 38. f6 Rxa3 39. Rg7+ Kf8 40. e6 c4+ 41.
Kg2 Ra2+ 42. Kh1 Re2 43. Rf7+ Ke8 44. Re7+ Kd8 45. Rd7+ Kc8 46. Ra1 Rh2+ 47. Kxh2 Qf2+ 1/2-1/2

[Event "Mistrovství Čech mládeže 2023 - HD16"]
[Site "Harrachov, Czech Republic"]
[Date "2023.10.25"]
[Round "6.17"]
[White "Lána, Vincent"]
[Black "Vlček, Vojtěch"]
[Result "0-1"]
[TimeControl "90m + 30s"]
[WhiteElo "1342"]
[BlackElo "1661"]

1. g4 d5 2. Bg2 c6 3. e3 g6 4.
d4 Bg7 5. Nd2 e5 6. dxe5 Bxe5 7. h3 Ne7 8. f4 Bg7 9. Nb3 b6 10. c3 Qc7 11. Qf3 Nd7 12. Ne2 Nf6 13. Ng3 Bb7 14.
Bd2 O-O-O 15. O-O-O Rhe8 16. Rhe1 c5 17. Kb1 Nc6 18. Qf2 Ne4 19. Bxe4 dxe4 20. Bc1 Ba6 21. Nd2 Bd3+ 22. Ka1 Bc2 23.
Qg2 Bxd1 24. Rxd1 Kb8 25. Ngxe4 Rd7 26. Re1 Rde7 27. Qf3 Na5 28. Nf2 b5 29. Qe2 Qb6 30. Nb3 Nxb3+ 31. axb3 f5 32.
gxf5 gxf5 33. Qc2 Qg6 34. Qd3 a6 35. Rd1 Qc6 36. Qxf5 Kb7 37. Qxh7 Bd4 38. Qh4 Bxe3 39. Re1 Qd7 40.
Bxe3 Rxe3 41. Rxe3 Rxe3 42. f5 Re1+ 43. Ka2 Qc7 44. b4 Qf7+ 45. b3 Qxf5 46. bxc5 Re2+ 47. Ka3 Qxc5+ 0-1

[Event "Mistrovství Čech mládeže 2023 - HD16"]
[Site "Harrachov, Czech Republic"]
[Date "2023.10.25"]
[Round "6.18"]
[White "Janoušková, Adéla"]
[Black "Maršík, Ondřej"]
[Result "1/2-1/2"]
[TimeControl "90m + 30s"]
[WhiteElo "1638"]
[BlackElo "1459"]

1. e4 d6 2. d4 Nf6 3. Nc3 g6 4. Nf3 Bg7 5. h3 O-O 6. Be2 e5 7. dxe5 dxe5 8. Qxd8 Rxd8 9. O-O Nc6 10.
Bg5 Be6 11. Rfd1 Rxd1+ 12. Rxd1 Nb4 13. Bd3 c6 14. a3 Nxd3 15. Rxd3 Re8 1/2-1/2

[Event "Mistrovství Čech mládeže 2023 - HD16"]
[Site "Harrachov, Czech Republic"]
[Date "2023.10.25"]
[Round "6.19"]
[White "Dobsa, Emma"]
[Black "Hrubý, Filip"]
[Result "1-0"]
[TimeControl "90m + 30s"]
[WhiteElo "1616"]
[BlackElo "1386"]

1. e4 c6 2. c4 d5 3. exd5 cxd5 4. cxd5 Qxd5 5. Nc3 Qd8 6. d4 e6 7. Nf3 Nf6 8. Bd3 Nc6 9. O-O Be7 10.
Re1 O-O 11. a3 Nd5 12. Bc2 Nxc3 13. bxc3 Bf6 14. Qd3 g6 15. Bh6 Re8 16. Rad1 a6 17. Qe4 Bd7 18. h4 b5 19. h5 Ne7 20.
Ne5 Rc8 21. Rd3 Nf5 22. hxg6 hxg6 23. Rh3 Nxh6 24. Rxh6 Bg7 25. Nxf7 Kxf7 26. Qxg6+ Kf8 27. Rh3 Bc6 28. Be4 Bxe4 29. Rxe4 Ke7 30. Qxe6+ Kf8 31.
Rf4+ Bf6 32. Rxf6+ 1-0

[Event "Mistrovství Čech mládeže 2023 - HD16"]
[Site "Harrachov, Czech Republic"]
[Date "2023.10.26"]
[Round "7.1"]
[White "Hozda, Max"]
[Black "Andrle, Filip"]
[Result "1/2-1/2"]
[TimeControl "90m + 30s"]
[WhiteElo "2105"]
[BlackElo "1830"]

1. e4 e6 2. d4 d5 3. exd5 exd5 4. Nf3 Bd6 5. Bd3 Nf6 6. O-O O-O 7. Bg5 Bg4 8. Nbd2 c6 9. c3 Nbd7 10.
Re1 Qc7 11. Qc2 Rfe8 12. Bh4 Bh5 13. Bg3 Bg6 14. Bxg6 hxg6 15. Bxd6 Qxd6 16. h3 Rxe1+ 1/2-1/2

[Event "Mistrovství Čech mládeže 2023 - HD16"]
[Site "Harrachov, Czech Republic"]
[Date "2023.10.26"]
[Round "7.2"]
[White "Davídek, Zdeněk"]
[Black "Veverka, Vladimír"]
[Result "1/2-1/2"]
[TimeControl "90m + 30s"]
[WhiteElo "2110"]
[BlackElo "1849"]

1. Nf3 Nf6 2. g3 e6 3. Bg2 d5 4. O-O c5 5. c4 dxc4 6. Na3 Bd7 7. Ne5 Qc7 8. Naxc4 Nc6 9. Nxd7 Qxd7 10.
b3 Be7 11. Bb2 O-O 12. d3 Rac8 13. Rc1 Rfd8 14. Qd2 Nd5 15. Rfd1 Bf6 16. Bxd5 exd5 17. Bxf6 gxf6 18. Ne3 d4 19.
Ng2 Ne5 20. Qh6 Qf5 21. Nf4 Qg5 22. Qh3 Ng6 23. Nh5 Ne7 24. Nf4 Rc6 25. Rc2 Ng6 26. Qg2 Nxf4 27. gxf4 Qxg2+ 28. Kxg2 f5 29. Rdc1 Rg6+ 30. Kf3 b6 31.
Rc4 a5 32. a3 Rh6 33. b4 axb4 34. axb4 cxb4 35. Rxb4 Rdd6 36. Rcc4 Rdg6 37. e4 dxe3 38. Kxe3 Rxh2 39. Rb5 Rh3+ 40. Ke2 Re6+ 41. Kd2 Rf3 42.
Rxf5 Rxf2+ 1/2-1/2

[Event "Mistrovství Čech mládeže 2023 - HD16"]
[Site "Harrachov, Czech Republic"]
[Date "2023.10.26"]
[Round "7.3"]
[White "Kučina, Ondřej"]
[Black "Dvořák, Jan"]
[Result "0-1"]
[TimeControl "90m + 30s"]
[WhiteElo "1592"]
[BlackElo "1789"]

1. d4 Nf6 2. g3 e6 3. Nf3 b6 4. Bg2 Bb7 5. O-O Be7 6. c4 O-O 7. Nc3 Ne4 8. Qc2 Nxc3 9. Qxc3 f5 10.
Ne5 Bxg2 11. Kxg2 d6 12. Nd3 Bf6 13. f4 c5 14. e3 Nc6 15. Qa3 cxd4 16. Nb4 Na5 17. b3 dxe3 18. Bb2 Nb7 19.
Bxf6 Qxf6 20. Qc1 Nc5 21. Qxe3 Ne4 22. Nd3 Rfd8 23. Nf2 d5 24. cxd5 exd5 25. g4 d4 26. Nxe4 Qc6 27. Qe2 Qxe4+ 28. Qxe4 fxe4 29. Rfe1 Re8 30. Rad1 Rad8 31. f5 Kf7 32. Kg3 d3 33. Kf4 Rd4 34. Re3 Re7 35. h4 a5 36. g5 h5 37.
a3 b5 38. Rd2 a4 39. b4 Rc4 40. f6 gxf6 41. gxf6 Kxf6 42. Ra2 Rg7 0-1

[Event "Mistrovství Čech mládeže 2023 - HD16"]
[Site "Harrachov, Czech Republic"]
[Date "2023.10.26"]
[Round "7.4"]
[White "Vyšinský, Otakar"]
[Black "Stein, Michael"]
[Result "1/2-1/2"]
[TimeControl "90m + 30s"]
[WhiteElo "1599"]
[BlackElo "1717"]

1. e4 e6 2. d4 d5 3. Nc3 Bb4 4. e5 c5 5. a3 Bxc3+ 6. bxc3 Ne7 7. Nf3 b6 8. Bd3 Ba6 9. O-O Bxd3 10.
Qxd3 Nbc6 11. a4 cxd4 12. cxd4 Na5 13. Nd2 Rc8 14. Ba3 Nc4 15. Nxc4 Rxc4 16. Bxe7 Qxe7 17. f4 O-O 18. f5 exf5 19.
Rxf5 Qh4 20. c3 Rfc8 21. Qf3 Qe4 22. Rxf7 Qxf3 23. Rxf3 Rxc3 24. Rxc3 Rxc3 25. Rb1 Rc4 26. a5 1/2-1/2

[Event "Mistrovství Čech mládeže 2023 - HD16"]
[Site "Harrachov, Czech Republic"]
[Date "2023.10.26"]
[Round "7.5"]
[White "Tegda, Vojtěch"]
[Black "Večeř, Martin"]
[Result "1-0"]
[TimeControl "90m + 30s"]
[WhiteElo "1731"]
[BlackElo "1569"]

1. e4 c6 2. d4 d5 3. f3 e6 4. Nc3 b6 5. Be3 Ba6 6. Bxa6 Nxa6 7. Nge2 Nf6 8. O-O Be7 9. a3 Nc7 10.
Qe1 Nd7 11. Qg3 g6 12. Bh6 c5 13. exd5 Nxd5 14. Nxd5 exd5 15. Rfe1 f6 16. Nf4 Nf8 17. Bg7 1-0

[Event "Mistrovství Čech mládeže 2023 - HD16"]
[Site "Harrachov, Czech Republic"]
[Date "2023.10.26"]
[Round "7.6"]
[White "Hrbek, Jáchym"]
[Black "Kaplanová, Dominika"]
[Result "1-0"]
[TimeControl "90m + 30s"]
[WhiteElo "1973"]
[BlackElo "1782"]

1. e4 c5 2. Nf3 e6 3. c4 Nc6 4. Nc3 e5 5. d3 Nge7 6. g3 g6 7. Bg2 Bg7 8. O-O O-O 9. a3 d6 10.
Rb1 Bg4 11. h3 Be6 12. b4 b6 13. Nd5 Nd4 14. Nxd4 cxd4 15. Nxe7+ Qxe7 16. f4 Rac8 17. f5 Bd7 18. Rb2 b5 19.
cxb5 Bxb5 20. a4 Bd7 21. Bd2 f6 22. g4 Qe8 23. Qb3+ Kh8 24. b5 a6 25. Rfb1 axb5 26. axb5 Rc5 27.
b6 Qb8 28. Qa3 Qb7 29. Bb4 Rc6 30. Bxd6 Ra8 31. Qxa8+ Qxa8 32. b7 Qg8 33. b8=Q gxf5 34. exf5 Rc8 35. Qa7 1-0

[Event "Mistrovství Čech mládeže 2023 - HD16"]
[Site "Harrachov, Czech Republic"]
[Date "2023.10.26"]
[Round "7.7"]
[White "Pressler, Tobias"]
[Black "Martinkovič, Adam"]
[Result "1-0"]
[TimeControl "90m + 30s"]
[WhiteElo "1965"]
[BlackElo "1680"]

1. f4 d5 2. Nf3 c5 3. e3 Nc6 4. Bb5 Nf6 5. O-O Bd7 6. b3 a6 7. Bxc6 Bxc6 8. Bb2 e6 9. d3 Bd6 10.
Ne5 Qc7 11. Nd2 h6 12. Qe2 O-O-O 13. Rac1 Kb8 14. c4 Ka8 15. a3 Bxe5 16. fxe5 Ne8 17. b4 cxb4 18. axb4 Qd7 19. b5 axb5 20.
Ra1+ Kb8 21. Bd4 Nc7 22. cxb5 Bxb5 23. Nb3 Na6 24. Nc5 Nxc5 25. Bxc5 Ba6 26. Rfb1 Qc6 27. Bd4 Rc8 28. Rb6 Bxd3 29.
Qxd3 Qc4 30. Qa3 Qe2 31. Qa7+ Kc7 32. Rxb7+ Kd8 33. Rd7+ Ke8 34. Re7+ Kf8 35. Rxf7+ Kg8 36. Rxg7+ 1-0

[Event "Mistrovství Čech mládeže 2023 - HD16"]
[Site "Harrachov, Czech Republic"]
[Date "2023.10.26"]
[Round "7.8"]
[White "Novotný, Dominik"]
[Black "Dudková, Josefína"]
[Result "1/2-1/2"]
[TimeControl "90m + 30s"]
[WhiteElo "1929"]
[BlackElo "1587"]

1. e4 g6 2. d4 Bg7 3. Bc4 c5 4. c3 cxd4 5. cxd4 d6 6. f4 Nc6 7. d5 b5 8. Bf1 Nd4 9. Be3 Bg4 10.
Bxd4 Bxd1 11. Bxg7 Bg4 12. f5 Qb6 13. Bxh8 Qe3+ 14. Ne2 Rc8 15. Nbc3 b4 16. Bd4 Qh6 17. Nd1 gxf5 18. Ne3 e5 19.
dxe6 fxe6 20. exf5 Bxe2 21. Kxe2 exf5 22. g3 Qe6 23. Bg2 Rc2+ 24. Kf1 Rxg2 25. Re1 Kd7 26. Kxg2 Qe4+ 27. Kh3 Qxd4 28.
Nxf5 Qxb2 1/2-1/2

[Event "Mistrovství Čech mládeže 2023 - HD16"]
[Site "Harrachov, Czech Republic"]
[Date "2023.10.26"]
[Round "7.10"]
[White "Langmaier, Michal"]
[Black "Sadil, Antonín"]
[Result "1/2-1/2"]
[TimeControl "90m + 30s"]
[WhiteElo "1697"]
[BlackElo "1792"]

1. d4 Nf6 2. Nf3 g6 3. c4 d5 4. cxd5 Nxd5 5. e4 Nb6 6. h3 Bg7 7. Nc3 O-O 8. Be2 c5 9. Be3 cxd4 10.
Bxd4 a6 11. O-O Nc6 12. Bxg7 Kxg7 13. Qxd8 Rxd8 14. Rfd1 Be6 15. Rac1 Nb4 16. a3 Nc6 17. Rxd8 Rxd8 18. Rd1 Nc4 19.
Rxd8 Nxd8 20. Bxc4 Bxc4 21. Nd2 Be6 22. f4 Nc6 23. Kf2 f6 24. Na4 Nd8 25. Nc5 Bc8 26. Ke3 Ne6 27. Nxe6+ Bxe6 28.
Kd4 Bd7 29. Nb3 b6 30. Kd5 Bb5 31. g3 Kf7 32. Nd4 Bf1 33. Kc6 Bxh3 34. Kxb6 Bf1 35. b4 h5 36. a4 g5 37. fxg5 fxg5 38.
b5 axb5 39. axb5 h4 40. gxh4 gxh4 41. Kc7 Bxb5 42. Nf3 h3 43. Ng5 Kf6 44. Nxh3 Ke5 45. Kd8 Kf6 46. e5+ Kxe5 47. Kxe7 1/2-1/2

[Event "Mistrovství Čech mládeže 2023 - HD16"]
[Site "Harrachov, Czech Republic"]
[Date "2023.10.26"]
[Round "7.11"]
[White "Vlček, Vojtěch"]
[Black "Mikhno, Artem"]
[Result "1-0"]
[TimeControl "90m + 30s"]
[WhiteElo "1661"]
[BlackElo "1781"]

1. d4 d5 2. c4 c6 3. Nf3 Nf6 4. Nc3 Bf5 5. cxd5 Nxd5 6. Qb3 Nxc3 7. bxc3 Qb6 8. Bf4 Nd7 9. e3 e6 10.
Nh4 Bg6 11. Nxg6 hxg6 12. Bd3 Be7 13. O-O Qxb3 14. axb3 a6 15. c4 g5 16. Bg3 Bf6 17. Rab1 c5 18. Rfd1 cxd4 19. exd4 Bxd4 20.
Be4 e5 21. Bxb7 Ra7 22. Bc6 a5 23. Rd2 f6 24. Ra2 Ke7 25. Kf1 Rb8 26. f3 Rb4 27. Be1 Rb6 28. Bxd7 Kxd7 29. Rxa5 Rxa5 30.
Bxa5 Ra6 31. b4 Bc3 32. Rd1+ Bd4 33. Ke2 Kd6 34. Kd3 g6 35. Rc1 Ra8 36. c5+ Kc6 37. Kc4 Be3 38. Rc2 Rh8 39.
h3 Rh4+ 40. Kb3 Rd4 41. Rc4 Rd1 42. Rc2 Rd4 43. Rc3 Bd2 44. Rc4 Kb5 45. Rxd4 exd4 46. Kc2 Bc3 47. Kd3 f5 48. g4 Bb2 49.
Bd8 Bc3 50. Be7 fxg4 51. fxg4 Bxb4 52. Kxd4 Kc6 53. Ke5 Kd7 54. Kf6 Bd2 55. Bd6 Be3 56. Kxg6 Ke6 57. Bg3 Bxc5 58. Kxg5 Kf7 59.
Be5 Be3+ 60. Kf5 Bf2 61. Bf6 Bc5 62. h4 Bf8 63. h5 Kg8 64. Kg6 Bg7 65. h6 Bxf6 66. Kxf6 Kh7 67. g5 Kh8 68. g6 Kg8 69. g7 1-0

[Event "Mistrovství Čech mládeže 2023 - HD16"]
[Site "Harrachov, Czech Republic"]
[Date "2023.10.26"]
[Round "7.12"]
[White "Svoboda, Daniel"]
[Black "Dobsa, Emma"]
[Result "1-0"]
[TimeControl "90m + 30s"]
[WhiteElo "1766"]
[BlackElo "1616"]

1. e4 c6 2. d4 d5 3. exd5 cxd5 4. Bd3 Nc6 5. c3 Qc7 6. h3 Nf6 7. Nf3 g6 8. O-O Bf5 9. Bxf5 gxf5 10.
c4 dxc4 11. Qc2 e6 12. Qxc4 Nd5 13. Nc3 Rd8 14. Bg5 Be7 15. Rfe1 Bxg5 16. Nxg5 O-O 17. Rad1 Qd7 18. Qe2 h6 19.
Qh5 Kg7 20. Nxd5 Qxd5 21. Nf3 Rg8 22. Ne5 Rdf8 23. Rd3 Kh7 24. Nf3 Rg7 25. a3 Rfg8 26. g3 Qd6 27. Ne5 Nxe5 28. Rxe5 f4 29.
g4 Qc6 30. d5 Qc1+ 31. Kg2 f5 32. Rxe6 fxg4 33. Qxh6# 1-0

[Event "Mistrovství Čech mládeže 2023 - HD16"]
[Site "Harrachov, Czech Republic"]
[Date "2023.10.26"]
[Round "7.13"]
[White "Barták, Josef"]
[Black "Garabik, Marek"]
[Result "0-1"]
[TimeControl "90m + 30s"]
[WhiteElo "1476"]
[BlackElo "1697"]

1. c4 e6 2. Nc3 d5 3. d4 Nf6 4. cxd5 Nxd5 5. e4 Nxc3 6. bxc3 c5 7. Nf3 cxd4 8. cxd4 Bb4+ 9. Bd2 Bxd2+ 10. Qxd2 O-O 11. Bc4 Nd7 12. O-O Nf6 13. Qf4 Nd7 14. Rfd1 Qf6 15. Qg3 Qg6 16. Qxg6 hxg6 17. Rac1 Nb6 18.
Bb3 Bd7 19. Rc7 Rfc8 20. Rdc1 Bc6 21. Rxc8+ Rxc8 22. d5 exd5 23. exd5 Bd7 24. Rd1 Ba4 25. g3 Bxb3 26. axb3 Rd8 27.
d6 f6 28. Nh4 Kf7 29. Kf1 Rd7 30. Ng2 Ke6 31. Nf4+ Kf7 32. Ke2 Nc8 33. Rc1 Nxd6 34. Nd5 Nf5 35. Rd1 Ne7 36. Nc3 Rxd1 37.
Nxd1 Nd5 38. Kd3 Ke6 39.
Kd4 Kd6 40. Nb2 b5 41. Nd3 Nc7 42. Nc5 Nd5 43. Nb7+ Kc7 44. Nc5 Ne7 45. Ne6+ Kd6 46. Nf4 Nc6+ 47. Kc3 g5 48. Nh5 Ke5 49.
Nxg7 a5 50. Ne8 Ne7 51. Nc7 Nd5+ 52. Nxd5 Kxd5 53. f3 Ke5 54. Kd3 f5 55. h4 gxh4 56. gxh4 Kf6 57. Kd4 Kg6 58. Ke5 a4 59.
bxa4 bxa4 60. Kd4 Kh5 61. Kc3 Kxh4 62. Kb4 Kg3 63. Kxa4 Kxf3 0-1

[Event "Mistrovství Čech mládeže 2023 - HD16"]
[Site "Harrachov, Czech Republic"]
[Date "2023.10.26"]
[Round "7.14"]
[White "Tesař, Jakub"]
[Black "Meca, Viktor"]
[Result "1/2-1/2"]
[TimeControl "90m + 30s"]
[WhiteElo "1893"]
[BlackElo "1559"]

1. d4 d5 2. c4 c6 3. Nf3 Nf6 4. Nc3 e6 5. Bg5 Nbd7 6. cxd5 exd5 7. e3 Be7 8. Qc2 O-O 9. Bd3 Re8 10.
O-O h6 11. Bh4 Ne4 12. Bxe4 Bxh4 13. Bh7+ Kh8 14. Bd3 Be7 15. Rab1 b6 16. b4 Bb7 17. Qb3 Nf6 18. Rfd1 Bd6 19.
Nd2 Qc7 20. h3 Rad8 21. a4 Ba8 22. Rb2 Qb7 23. Ra1 Rb8 24. Qa2 Rg8 25. b5 c5 26. a5 cxd4 27. exd4 bxa5 28. Qxa5 Rgc8 29. Ne2 Rc7 30. Rba2 Ne4 31.
Nf3 Qb6 32. Qxb6 Rxb6 33. Rxa7 Rxa7 34. Rxa7 Bb7 35. Ra2 Bb8 36. Nd2 Nxd2 37. Rxd2 Bd6 38. Rc2 Bb4 39. Rc7 Kg8 40. Nc1 Bd6 41.
Rc2 Kf8 42. Nb3 Ke7 43. Nc5 Bc8 44. Ra2 Be6 45. Ra7+ Kf6 46. Kf1 Bf5 47. Be2 Bb8 48. Ra8 Ke7 49. Ke1 Bd7 50. Ra5 Bc7 51.
Ra7 Kd8 52. Rb7 Rxb7 53. Nxb7+ Kc8 54. Nc5 Bb6 55. Kd2 Ba5+ 56. Kc2 Kc7 57. Kb3 Be1 58. f3 Bf2 59. Kc3 Bf5 60. Kb4 Bxd4 61. Nb3 Bb6 62. Kc3 Kd6 1/2-1/2

[Event "Mistrovství Čech mládeže 2023 - HD16"]
[Site "Harrachov, Czech Republic"]
[Date "2023.10.26"]
[Round "7.15"]
[White "Jun, Robert"]
[Black "Bohatyrov, Mykola"]
[Result "0-1"]
[TimeControl "90m + 30s"]
[WhiteElo "1554"]
[BlackElo "1725"]

1. e4 d6 2. d4 Nf6 3. Nc3 g6 4. Nf3 Bg7 5. Bc4 O-O 6. O-O c6 7. e5 dxe5 8. Nxe5 Nd5 9. Qf3 e6 10.
Bxd5 exd5 11. Bf4 Be6 12. Rad1 Nd7 13.
Rfe1 Qc8 14. Na4 Nxe5 15. Bxe5 Bg4 16. Qg3 Bxd1 17. Rxd1 Qf5 18. Rd2 Bxe5 19. dxe5 Qe4 20. f4 Qxa4 21.
f5 Qe4 22. f6 Rae8 23. Rd1 Rxe5 24. h3 Qe3+ 25. Kh2 Qxg3+ 26. Kxg3 Rf5 27. Re1 Rxf6 28. Re7 Rb8 29. Re3 Re6 30.
Ra3 a6 31. Kh4 Re2 32. g4 h6 33. Rc3 Kg7 34. Kg3 d4 35. Rc4 Rd8 36. Kf3 Re3+ 37. Kg2 d3 38. cxd3 Rexd3 39. Rb4 b5 40.
a4 c5 41. Re4 R3d4 42. Rxd4 cxd4 43. axb5 axb5 44. Kf3 Kf6 45. Ke2 d3+ 46. Kd2 b4 47. b3 Ke5 48. h4 Ke4 49. g5 h5 0-1

[Event "Mistrovství Čech mládeže 2023 - HD16"]
[Site "Harrachov, Czech Republic"]
[Date "2023.10.26"]
[Round "7.16"]
[White "Sochor, Antonín"]
[Black "Janoušková, Adéla"]
[Result "1-0"]
[TimeControl "90m + 30s"]
[WhiteElo "1702"]
[BlackElo "1638"]

1. e4 c5 2. Nf3 d6 3. d4 cxd4 4. Nxd4 Nf6 5. Nc3 g6 6. Be3 Bg7 7. Bd3 O-O 8. O-O Ng4 9. Qd2 Nxe3 10.
Qxe3 Nc6 11. Nce2 Qb6 12. c3 Ne5 13. Nf4 Ng4 14. Qe2 Bxd4 15. cxd4 Qxd4 16. Rfd1 Qb6 17. Nd5 Qd8 18. Rac1 Ne5 19.
h3 Nxd3 20. Rxd3 Bd7 21. Qd2 Bc6 22. e5 Bxd5 23. Rxd5 Rc8 24. Re1 Rc6 25. Qh6 f5 26. e6 Rf6 27. Rd4 Qf8 28. Qf4 Qc8 29.
Qe3 Rc5 30. Qb3 Qc7 31. Rd5 b6 32. Rxc5 Qxc5 33. Qa4 Qc7 34. Qd7 Qb8 35. Qxe7 Rf8 36. Qd7 a6 37. Rc1 Qd8 38. Rc7 Qxd7 39.
exd7 1-0

[Event "Mistrovství Čech mládeže 2023 - HD16"]
[Site "Harrachov, Czech Republic"]
[Date "2023.10.26"]
[Round "7.17"]
[White "Maršík, Ondřej"]
[Black "Tichý, Tomáš"]
[Result "1/2-1/2"]
[TimeControl "90m + 30s"]
[WhiteElo "1459"]
[BlackElo "1697"]

1. e4 c5 2. Nf3 Nc6 3. d4 cxd4 4. Nxd4 Nf6 5. Nc3 e5 6. Nb3 Bb4 7. f3 d5 8. exd5 Nxd5 9. Bd2 Bxc3 10.
Bxc3 O-O 11. Qd2 Nxc3 12. Qxc3 Qh4+ 13. g3 Qb4 14. O-O-O Qxc3 15. bxc3 Be6 16. Kb2 b6 17. Bd3 Na5 18.
Rhe1 f6 19. Nd2 Rac8 20. Ne4 Rfd8 21. Ba6 Rb8 22. Bb5 1/2-1/2

[Event "Mistrovství Čech mládeže 2023 - HD16"]
[Site "Harrachov, Czech Republic"]
[Date "2023.10.26"]
[Round "7.18"]
[White "Krupka, Aleš"]
[Black "Mrázek, Adam"]
[Result "0-1"]
[TimeControl "90m + 30s"]
[WhiteElo "1444"]
[BlackElo "1669"]

1. e4 e6 2. d4 d5 3. exd5 exd5 4. Nf3 Bd6 5. Bd3 Nc6 6. c3 Nge7 7. Qc2 Bg4 8. Nh4 Qd7 9. h3 Be6 10.
Be3 h6 11. Nd2 g5 12. Nhf3 f5 13. Nb3 f4 14. Bd2 O-O-O 15. O-O-O b6 16. c4 dxc4 17. Bxc4 Bf5 18. Qc3 Nb4 19.
Na1 b5 20. Ne5 bxc4 21. Nxd7 Nxa2# 0-1

[Event "Mistrovství Čech mládeže 2023 - HD16"]
[Site "Harrachov, Czech Republic"]
[Date "2023.10.26"]
[Round "7.19"]
[White "Kohm, Patrik"]
[Black "Markina, Sofiia"]
[Result "1/2-1/2"]
[TimeControl "90m + 30s"]
[WhiteElo "1475"]
[BlackElo "1564"]

1. e4 c5 2. Nc3 Nc6 3. Bb5 d6 4. Bxc6+ bxc6 5. Nf3 Nf6 6. O-O e6 7. e5 Nd5 8. Na4 Nb6 9. c3 d5 10.
d4 cxd4 11. cxd4 Be7 12. Qc2 Nxa4 13. Qxa4 Bb7 14. Bd2 a5 15. Rfc1 O-O 16. Ne1 f6 17. Nd3 fxe5 18. Nxe5 Qc7 19.
Nxc6 Bxc6 20. Qxc6 Qxc6 21. Rxc6 Bf6 22. Bc3 Rfe8 23. a4 e5 24. dxe5 Bxe5 25. Rc5 d4 26. Bxa5 d3 27. Re1 Rxa5 28.
Rxa5 d2 29. Rd1 Bxb2 30. Ra8 Rxa8 31. Rxd2 Rxa4 32. Kf1 Bf6 33. f3 Rd4 34. Rxd4 Bxd4 35. g3 Kf7 36. Kg2 g5 37. Kh3 Kf6 38.
Kg4 Kg6 39. h4 gxh4 40. Kxh4 Bf6+ 41. Kh3 Kf5 42. Kg2 Ke5 43. Kf2 Kd4 44. Ke2 Be5 45. f4 Bg7 46. Kf3 h6 47. g4 1/2-1/2

[Event "Mistrovství Čech mládeže 2023 - HD16"]
[Site "Harrachov, Czech Republic"]
[Date "2023.10.26"]
[Round "7.20"]
[White "Ocelák, David"]
[Black "Bauer, Sebastian"]
[Result "1/2-1/2"]
[TimeControl "90m + 30s"]
[WhiteElo "1580"]
[BlackElo "1366"]

1. e4 e5 2. Nf3 Nc6 3. d4 exd4 4. Nxd4 Bc5 5. Be3 Qf6 6. c3 Qg6 7. f3 d6 8. Qd2 Nge7 9. Nb5 Bxe3 10.
Qxe3 Kd8 11. Nd2 f5 12. O-O-O fxe4 13. Nxe4 Nf5 14. Qg5+ Qxg5+ 15. Nxg5 Nh6 16. Bd3 a6 17. Nd4 Nxd4 18.
cxd4 Re8 19. Rhe1 Rxe1 20. Rxe1 Bf5 21. Kd2 Kd7 22. g4 Bxd3 23. Kxd3 Rf8 24. Re3 Nf7 25. Ne6 Ne5+ 26. dxe5 1/2-1/2

[Event "Mistrovství Čech mládeže 2023 - HD16"]
[Site "Harrachov, Czech Republic"]
[Date "2023.10.27"]
[Round "8.1"]
[White "Andrle, Filip"]
[Black "Dvořák, Jan"]
[Result "1-0"]
[TimeControl "90m + 30s"]
[WhiteElo "1830"]
[BlackElo "1789"]

1. e4 e6 2. d4 d5 3. Nc3 Nf6 4. Bg5 Be7 5. e5 Nfd7 6. h4 c5 7. Bxe7 Qxe7 8. Nb5 Kd8 9. c3 Nc6 10.
Nf3 f6 11. exf6 gxf6 12. g3 a6 13. Na3 Nb6 14. Bg2 Kc7 15. O-O e5 16. dxc5 Qxc5 17. Nd2 Be6 18. Rc1 Rhg8 19. b4 Qe7 20.
Qe2 Rg7 21. Nb3 Rag8 22. Qe3 Rg4 23. Nc5 Nc4 24. Nxc4 Rxc4 25. Rfd1 Rd8 26. Bf1 d4 27. Nxe6+ Qxe6 28. Bxc4 Qxc4 29.
cxd4 Qxa2 30. dxe5 Re8 31. Rxc6+ 1-0

[Event "Mistrovství Čech mládeže 2023 - HD16"]
[Site "Harrachov, Czech Republic"]
[Date "2023.10.27"]
[Round "8.2"]
[White "Hrbek, Jáchym"]
[Black "Davídek, Zdeněk"]
[Result "0-1"]
[TimeControl "90m + 30s"]
[WhiteElo "1973"]
[BlackElo "2110"]

1. e4 e5 2. Nf3 Nc6 3. Bc4 Nf6 4. d3 Be7 5. c3 O-O 6. Bb3 d5 7. Qe2 Qd6 8. Nbd2 Be6 9. h3 Rad8 10.
exd5 Bxd5 11. Ne4 Qe6 12. Neg5 Qd7 13. Bc2 h6 14. Ne4 Nh5 15. O-O f5 16. Ne1 Bf7 17. Bb3 fxe4 18. Qxh5 exd3 19.
Bxh6 Bxb3 20. axb3 Bc5 21. Bd2 Qf5 22. Qxf5 Rxf5 23. g4 Rf7 24. Ra4 Bb6 25. Kg2 Rdf8 26. f4 Na5 27. Rf3 Nxb3 28.
Rb4 e4 29. Rxb3 exf3+ 30. Kxf3 Rxf4+ 31. Bxf4 d2 0-1

[Event "Mistrovství Čech mládeže 2023 - HD16"]
[Site "Harrachov, Czech Republic"]
[Date "2023.10.27"]
[Round "8.3"]
[White "Stein, Michael"]
[Black "Hozda, Max"]
[Result "1-0"]
[TimeControl "90m + 30s"]
[WhiteElo "1717"]
[BlackElo "2105"]

1. e4 c6 2. d4 d5 3. e5 c5 4. dxc5 e6 5. a3 Bxc5 6. b4 Bb6 7. Qg4 Kf8 8. Nf3 Qc7 9. Bd3 Nd7 10.
Bb2 Ne7 11. O-O Qb8 12. Qf4 h6 13. h4 f6 14. h5 Bc7 15. Re1 Nc6 16. exf6 gxf6 17. Qh4 e5 18. Bf5 Bd8 19. b5 Na5 20.
Nxe5 Nxe5 21. Bxe5 Bxf5 22. Bxb8 Rxb8 23. Qf4 1-0